 Dungeon Crawl Stone Soup version 0.31.0-1-g2c135a008e (webtiles) character file.

Game seed: 12536716387821010817

114 qw the Shooter (level 5, -2/40 HPs)
             Began as a Djinni Hunter on Jan 24, 2024.
             Slain by an orc
             ... wielding a +0 falchion
              (4 damage)
             ... on level 3 of the Dungeon.
             The game lasted 00:00:05 (1763 turns).

qw the Shooter (Djinni Hunter)                      Turns: 1763, Time: 00:00:06

Health: -2/40      AC:  5    Str:  7 (10) XL:     5   Next: 18%
Gold:   172        EV: 10    Int:  8 (10) God:
                   SH:  0    Dex: 17 (19)

rFire   + + .        a - +2 shortbow
rCold   x . .        (shield currently unavailable)
rNeg    . . .        d - +0 ring mail
rPois   inf          (no helmet)
rElec   .            (no cloak)
rCorr   .            (no gloves)
SInv    .            (boots unavailable)
Will    .....        (no amulet)
Stlth   +            (no ring)
HPRegen 0.26/turn    (no ring)
MPRegen 0.00/turn

%: infuse magic (-3 HP)
@: flying
A: sickness immunity, fire resistance 2, cold vulnerability 1, float, innate
caster, HP casting, extra vitality 1
a: no special abilities


You were on level 3 of the Dungeon.
You visited 1 branch of the dungeon, and saw 3 of its levels.

You collected 172 gold pieces.


Innate Abilities, Weirdness & Mutations

You are immune to sickness and miasma.
You are immune to poison.
Your flesh is very heat resistant. (rF++)
You are vulnerable to cold. (rC-)
You float through the air rather than walking.
You learn spells naturally, not from books.
Your magical power is your life essence.
You have superior vitality. (+4 MHP)


   Skills:
 - Level 3.3 Fighting
 + Level 4.3 Ranged Weapons
 - Level 1.0 Armour
 - Level 2.1 Dodging
 - Level 0.7 Stealth


You knew the following spells:

 Your Spells              Type           Power      Damage    Failure   Level
a - Foxfire               Conj/Fire      0%         2x1d4     83%         1
b - Momentum Strike       Conj/Tloc      0%         3d8       92%         2
Your spell library was empty.

Inventory:

Hand Weapons
 a - a +2 shortbow (weapon)
Armour
 d - a +0 ring mail (worn)
Jewellery
 g - a +6 ring of dexterity
Scrolls
 c - a scroll of noise {unknown}
 h - a scroll of identify
Potions
 f - a potion of cancellation

Dungeon Overview and Level Annotations

Branches:
Dungeon (3/15)

Altars:


Message History

Something hits you.
1747 ||| FLEEEEING.
1748 ||| FLEEEEING.
1749 ||| FLEEEEING.
You hear some strange, mumbled words.
Something tries to affect you, but you resist.
1750 ||| FLEEEEING.
1751 ||| FLEEEEING.
1752 ||| FLEEEEING.
1753 ||| FLEEEEING.
You shoot an arrow.
1755 ||| FLEEEEING.
1756 ||| FLEEEEING.
1757 ||| FLEEEEING.
Your enlightenment fades.
1758 ||| FLEEEEING.
An orc wizard appears from thin air!
Reactivating autopickup.
The orc wizard points at you and mumbles some strange words.
The magic dart hits you.
You shoot an arrow.
The arrow closely misses the orc wizard.
The orc wizard points at you and mumbles some strange words.
You resist with some effort.
You shoot an arrow. The arrow hits the orc wizard.
The orc wizard is almost dead.
The orc wizard hits you but does no damage.
You shoot an arrow.
The arrow closely misses the orc wizard.
The orc wizard hits you with a +0 dagger.
You shoot an arrow. The arrow hits the orc wizard.
You kill the orc wizard!
You feel your dexterity returning.
You have reached level 5!
The power to cast Momentum Strike wells up from within.
Spell assigned to 'b'.
You shoot an arrow. The arrow hits the orc.
The orc is almost dead.
The orc barely misses you. The orc hits you with a +0 falchion.
You die...

#.# ##
#.##############
#.###...o..........
#.#.#######.##.##.
#.## #.##.##. #.#
#.##...o ####.#
#.#####. ###.##o#
#.#####. #....@.#
#....... ##...[.##
########
##.......##
#.........#
####........##
#..<.#.....##
######
#.##.##...#####.
#.....
#.##.......(....
###
#.######.#####.# #


You could see an orc.

Vanquished Creatures
  An orc priest (D:3)
  An orc wizard (D:3)
  An adder (D:2)
  A dart slug (D:1)
  6 orcs (D:3)
  An endoplasm (D:1)
  2 giant cockroaches
  2 hobgoblins
  5 jackals
  2 quokkas (D:3)
  2 ball pythons
  6 bats
  3 frilled lizards
  3 goblins
  4 kobolds
  3 rats
43 creatures vanquished.

Notes
Turn   | Place    | Note
-------+----------+-------------------------------------------
     0 | D:1      | qw the Djinni Hunter began the quest for the Orb.
     0 | D:1      | Reached XP level 1. HP: 18/18 MP: 0/0
     0 | D:1      | 0 ||| qw: Version: 0.3-a-136-gdd3b4e8
     0 | D:1      | 0 ||| qw: Game counter: 1453
     0 | D:1      | 0 ||| qw: Melee chars always use a shield: true
     0 | D:1      | 0 ||| qw: God list: Okawaru
     0 | D:1      | 0 ||| qw: Allow faded altars: false
     0 | D:1      | 0 ||| qw: Do Orc after clearing Dungeon:15 true
     0 | D:1      | 0 ||| qw: Do second Lair branch before Depths: true
     0 | D:1      | 0 ||| qw: Lair rune preference: random
     0 | D:1      | 0 ||| qw: Goals: Normal
     0 | D:1      | 0 ||| PLANNING D:1-11
   263 | D:1      | Reached XP level 2. HP: 23/23 MP: 0/0
   695 | D:1      | 695 ||| UPGRADING to +0 ring mail.
   705 | D:1      | 705 ||| DROPPING +0 leather armour.
   706 | D:1      | 706 ||| READING scroll labelled MAYHEF JILOFAW.
   706 | D:1      | 706 ||| ENCHANTING +0 shortbow.
   707 | D:1      | 707 ||| READING scroll labelled WICHAL SOJUCYTH.
   708 | D:1      | 708 ||| READING scroll labelled FIPHON WOSCH.
   708 | D:1      | 708 ||| IDENTIFYING murky white potion
   709 | D:1      | 709 ||| DRINKING 2 white potions.
   710 | D:1      | 710 ||| DROPPING scroll of butterflies.
   711 | D:1      | 711 ||| DROPPING potion of invisibility.
   774 | D:2      | Found a faded altar of an unknown god.
   859 | D:2      | Reached skill level 4 in Ranged Weapons
   859 | D:2      | Reached XP level 3. HP: 28/28 MP: 0/0
   859 | D:2      | Learned a level 1 spell: Foxfire
  1215 | D:2      | 1215 ||| READING scroll of identify.
  1215 | D:2      | 1215 ||| IDENTIFYING green potion
  1216 | D:2      | 1216 ||| READING scroll labelled YLUNGO KY MEH.
  1317 | D:2      | 1317 ||| READING scroll labelled NEQEBUL AREE.
  1320 | D:2      | 1320 ||| DROPPING potion of lignification.
  1448 | D:3      | Reached skill level 1 in Armour
  1586 | D:3      | 1586 ||| READING scroll of enchant weapon.
  1586 | D:3      | 1586 ||| ENCHANTING +1 shortbow.
  1607 | D:3      | Reached XP level 4. HP: 34/34 MP: 0/0
  1710 | D:3      | 1710 ||| DRINKING smoky inky potion.
  1711 | D:3      | 1711 ||| DRINKING bubbling amethyst potion.
  1720 | D:3      | Reached skill level 3 in Fighting
  1720 | D:3      | 1720 ||| FLEEEEING.
  1721 | D:3      | 1721 ||| FLEEEEING.
  1722 | D:3      | 1722 ||| FLEEEEING.
  1723 | D:3      | 1723 ||| FLEEEEING.
  1724 | D:3      | 1724 ||| FLEEEEING.
  1725 | D:3      | 1725 ||| FLEEEEING.
  1727 | D:3      | 1727 ||| FLEEEEING.
  1728 | D:3      | 1728 ||| FLEEEEING.
  1730 | D:3      | 1730 ||| FLEEEEING.
  1731 | D:3      | 1731 ||| FLEEEEING.
  1732 | D:3      | 1732 ||| FLEEEEING.
  1733 | D:3      | 1733 ||| FLEEEEING.
  1734 | D:3      | 1734 ||| FLEEEEING.
  1735 | D:3      | 1735 ||| FLEEEEING.
  1736 | D:3      | 1736 ||| FLEEEEING.
  1736 | D:3      | HP: 7/35 [something (3)]
  1737 | D:3      | 1737 ||| FLEEEEING.
  1738 | D:3      | 1738 ||| FLEEEEING.
  1739 | D:3      | 1739 ||| FLEEEEING.
  1741 | D:3      | 1741 ||| FLEEEEING.
  1741 | D:3      | HP: 6/35 [something (2)]
  1742 | D:3      | 1742 ||| FLEEEEING.
  1744 | D:3      | 1744 ||| FLEEEEING.
  1745 | D:3      | 1745 ||| FLEEEEING.
  1746 | D:3      | 1746 ||| FLEEEEING.
  1746 | D:3      | HP: 6/35 [something (2)]
  1747 | D:3      | 1747 ||| FLEEEEING.
  1748 | D:3      | 1748 ||| FLEEEEING.
  1749 | D:3      | 1749 ||| FLEEEEING.
  1750 | D:3      | 1750 ||| FLEEEEING.
  1751 | D:3      | 1751 ||| FLEEEEING.
  1752 | D:3      | 1752 ||| FLEEEEING.
  1753 | D:3      | 1753 ||| FLEEEEING.
  1755 | D:3      | 1755 ||| FLEEEEING.
  1756 | D:3      | 1756 ||| FLEEEEING.
  1757 | D:3      | 1757 ||| FLEEEEING.
  1758 | D:3      | 1758 ||| FLEEEEING.
  1758 | D:3      | HP: 4/35 [orc wizard/magic dart (5)]
  1761 | D:3      | HP: 1/35 [orc wizard/+0 dagger (4)]
  1763 | D:3      | Reached XP level 5. HP: 1/40 MP: 0/0
  1763 | D:3      | Learned a level 2 spell: Momentum Strike
  1763 | D:3      | Slain by an orc

Levels and vault maps discovered:
D:1:      minmay_arrival_plants_in_alcoves, layout_loops_ring,
          nicolae_concentric_dashed_squares_wild,
          hangedman_decor_clover_reticule
D:2:      layout_basic, shapermc_ecumenical_altar_ellora
D:3:      layout_loops_ring, corexii_leaking_fountain

Skill      XL: |  1  2  3  4 |
---------------+-------------+-----
Ranged Weapons | 4 |  4.3
Armour         | 1 |  1.0
Fighting       | 3 |  3.3
Dodging        | |  2.1
Stealth        | |  0.7

Action                     |  1- 3 |  4- 6 || total
---------------------------+-------+-------++-------
   Fire: Shortbow          |    93 |    33 ||   126
    Use: Scroll            |     7 |       ||     7
         Potion            |     1 |     2 ||     3
 Armour: Leather armour    |    12 |       ||    12
         Ring mail         |    10 |    23 ||    33
  Dodge: Dodged            |    32 |     7 ||    39

Table legend:
 A = Non-vault XP
 B = Vault XP
 C = Vault XP percentage of total XP
 D = Non-vault monster count
 E = Vault monster count
 F = Vault count percentage of total count
                 A         B        C        D         E       F
            +---------+---------+-------+---------+---------+-------
      Total |     163 |       0 |   0.0 |      43 |       0 |   0.0
            +---------+---------+-------+---------+---------+-------
        D:1 |      22 |       0 |   0.0 |      14 |       0 |   0.0
        D:2 |      18 |       0 |   0.0 |       5 |       0 |   0.0
        D:3 |     123 |       0 |   0.0 |      24 |       0 |   0.0
            +---------+---------+-------+---------+---------+-------
